Map: Overgrown Facility

Players

Throwfordays

  • Race: Protoss Protoss
  • League: Silver
  • Spawn Location: 1:00

Faust

  • Race: Zerg Zerg
  • League: Diamond
  • Spawn Location: 3:00

maiya - Winner!

  • Race: Zerg Zerg
  • League: Gold
  • Spawn Location: 7:00

Zhixian - Winner!

  • Race: Protoss Protoss
  • League: Platinum
  • Spawn Location: 9:00

VOD

Have the link to the VOD?

Description

Time

  • Played on: March 18, 2019, 9:33 p.m.
  • Length: 16:27
Show
View Real Time Build Order
Export as new Build Order

Throwfordays Protoss 

Build Orders: Double Forge 

Get SALT Encoding   

  1  0:00  Probe  
  12  0:07  Probe  
  14  0:15  Probe  
  15  0:26  Pylon  
  15  0:44  Probe  
  15  0:46  Gateway  
  16  0:55  Gateway  
  16  1:02  Probe  
  17  1:05  Pylon  
  17  1:08  Assimilator  
  17  1:17  Forge  
  17  1:23  Probe  
  18  1:35  Probe  
  18  1:37  Zealot  
  21  1:42  Zealot  
  23  1:47  Probe  
  24  1:57  Photon Cannon  
  24  2:05  Cybernetics Core  
  24  2:21  Warp Gate  
  24  2:30  Nexus  
  24  2:39  Assimilator  
  24  2:45  Probe  
  25  2:57  Probe  
  26  3:02  Pylon  
  26  3:09  Protoss Ground Weapons Level 1, Probe  
  26  3:11  Pylon  
  27  3:23  Photon Cannon  
  27  3:25  Forge  
  27  3:40  Probe x2  
  27  3:48  Probe x2  
  31  3:56  Probe  
  31  3:57  Probe  
  33  4:08  Probe  
  33  4:09  Probe  
  35  4:12  Stalker  
  37  4:20  Probe  
  37  4:21  Probe  
  39  4:26  Pylon  
  39  4:28  Photon Cannon  
  39  4:30  Stalker  
  37  4:32  Protoss Ground Armor Level 1  
  37  4:33  Probe  
  36  4:43  Stalker  
  38  4:45  Probe  
  39  4:58  Photon Cannon  
  39  5:02  Photon Cannon  
  39  5:06  Photon Cannon  
  39  5:08  Photon Cannon  
  39  5:10  Stalker  
  39  5:11  Stalker  
  43  5:22  Pylon  
  43  5:24  Probe  
  43  5:25  Pylon  
  44  5:31  Assimilator  
  44  5:32  Probe  
  44  5:36  Assimilator  
  44  5:42  Probe  
  45  5:48  Photon Cannon  
  46  5:52  Photon Cannon  
  46  5:54  Probe  
  46  5:55  Photon Cannon  
  47  6:15  Stalker  
  47  6:16  Stalker  
  51  6:24  Probe  
  52  6:25  Photon Cannon  
  52  6:27  Probe  
  52  6:28  Protoss Shields Level 1  
  53  6:37  Probe  
  53  6:39  Probe  
  55  6:46  Twilight Council  
  55  6:49  Stargate, Probe  
  55  6:51  Probe  
  57  6:59  Nexus  
  57  7:01  Pylon  
  57  7:04  Pylon  
  57  7:06  Stalker x2  
  61  7:15  Protoss Air Weapons Level 1  
  61  7:25  Photon Cannon  
  61  7:29  Photon Cannon  
  61  7:32  Photon Cannon  
  61  7:34  Protoss Ground Weapons Level 2  
  61  7:35  Photon Cannon  
  61  7:42  Photon Cannon  
  61  7:44  Photon Cannon  
  61  7:51  Assimilator  
  61  7:54  Assimilator  
  61  7:55  Probe  
  61  8:00  Probe  
  61  8:03  Probe  
  63  8:08  Probe  
  65  8:13  Probe  
  65  8:16  Probe  
  65  8:18  Probe  
  66  8:24  Probe  
  66  8:25  Probe  
  69  8:28  Stalker x2  
  69  8:30  Probe  
  69  8:32  Blink  
  75  8:34  Probe  
  75  8:37  Probe  
  77  8:42  Probe  
  77  8:45  Robotics Facility  
  77  8:46  Probe  
  79  8:52  Stalker  
  79  8:53  Stalker  
  83  8:58  Probe  
  65  9:18  Stalker x2  
  64  9:32  Immortal  
  64  9:33  Robotics Facility  
  59  9:42  Robotics Bay  
  59  9:43  Protoss Ground Armor Level 2  
  59  9:44  Stalker  
  59  9:45  Stalker  
  58  9:48  Pylon  
  58  9:52  Pylon  
  58  9:55  Shield Battery  
  58  9:56  Shield Battery  
  58  9:59  Shield Battery  
  58  10:02  Shield Battery  
  58  10:08  Stalker  
  58  10:09  Stalker  
  58  10:12  Immortal  
  66  10:24  Immortal  
  56  10:40  Stalker  
  56  10:41  Stalker  
  54  10:55  Colossus  
  60  11:03  Colossus  
  64  11:04  Stalker x2  
  62  11:29  Extended Thermal Lance  
  56  11:38  Gateway  
  56  11:40  Gateway  
  56  11:42  Gateway  
  56  11:44  Gateway  
  56  11:45  Stalker  
  56  11:46  Gateway, Stalker  
  56  12:32  Colossus x2  
  68  12:46  Protoss Ground Weapons Level 3  
  68  12:47  Protoss Ground Armor Level 3  
  68  13:01  Stalker  
  68  13:02  Stalker  
  68  13:03  Stalker  
  68  13:04  Stalker x2  
  68  13:05  Stalker  
  80  13:06  Stalker  
  72  13:28  Stalker x2  
  72  13:29  Stalker x2  
  72  13:30  Stalker  
  78  14:08  Probe  
  79  14:10  Nexus  
  79  14:12  Pylon  
  79  14:13  Probe  
  79  14:15  Assimilator  
  80  14:17  Assimilator  
  80  14:20  Probe  
  81  14:25  Probe  
  82  14:32  Probe  
  82  14:37  Probe  
  84  14:45  Probe  
  85  14:49  Probe  
  84  14:57  Probe  
  52  15:16  Stalker x2  
  52  15:17  Stalker x2  
  52  15:18  Stalker x2  
Show
View Real Time Build Order
Export as new Build Order

Faust Zerg 

Build Orders: Hatch First 

Get SALT Encoding   

  12  0:01  Drone  
  13  0:09  Drone  
  14  0:16  Extractor  
  14  0:17  Drone  
  15  0:25  Overlord  
  15  0:43  Drone x2  
  17  0:54  Hatchery  
  16  0:58  Drone  
  16  1:02  Drone  
  18  1:04  Extractor  
  18  1:11  Drone  
  18  1:22  Spawning Pool  
  17  1:26  Drone  
  17  1:28  Drone  
  19  1:39  Overlord  
  19  2:08  Queen x2  
  19  2:09  Zergling x4  
  19  2:10  Zergling x2  
  19  2:14  Metabolic Boost  
  26  2:18  Drone  
  26  2:22  Drone  
  28  2:26  Drone  
  29  2:31  Overlord  
  29  2:39  Baneling Nest  
  28  2:51  Drone x3  
  30  3:08  Zergling x6  
  32  3:17  Drone  
  32  3:18  Drone  
  32  3:19  Drone x3, Overlord  
  37  3:25  Baneling  
  37  3:26  Baneling  
  37  3:28  Zergling x4  
  37  3:33  Zergling x4  
  41  3:39  Lair  
  39  4:14  Zergling x8  
  41  4:21  Baneling x2  
  41  4:29  Zergling x10  
  44  4:45  Zergling x4  
  44  4:46  Zergling x4  
  42  5:06  Baneling x2  
  41  5:22  Zergling x2  
  41  5:23  Zergling x4  
  41  5:26  Hydralisk Den  
  41  5:27  Spore Crawler  
  42  5:29  Drone x2  
  42  5:30  Spore Crawler, Drone  
  42  5:32  Overlord x2  
  42  5:33  Overlord  
  43  5:47  Queen  
  41  5:57  Zergling x8  
  41  6:04  Zergling x8  
  41  6:05  Zergling x2  
  46  6:15  Zergling x4  
  48  6:29  Drone  
  48  6:30  Drone x3  
  52  6:33  Extractor x2  
  52  6:35  Extractor, Drone x2  
  51  6:40  Hatchery  
  50  6:48  Drone x2  
  50  6:50  Overlord  
  39  7:23  Baneling  
  39  7:24  Zergling x2  
  39  7:27  Drone  
  39  7:28  Drone x8  
  49  7:31  Drone x2  
  49  7:32  Drone  
  49  7:33  Drone  
  53  7:39  Spore Crawler  
  53  7:43  Spore Crawler  
  51  7:46  Hydralisk x2  
  55  7:56  Muscular Augments, Hydralisk x4  
  63  8:14  Drone  
  63  8:15  Evolution Chamber  
  63  8:16  Drone x4, Evolution Chamber  
  63  8:18  Queen  
  63  8:19  Extractor  
  67  8:20  Extractor  
  67  8:21  Hydralisk x2  
  67  8:22  Hydralisk x2  
  74  8:34  Drone  
  74  8:35  Drone  
  76  8:41  Zerg Missile Weapons Level 1  
  76  8:42  Zerg Ground Armor Level 1  
  76  8:44  Drone x2  
  76  8:46  Drone  
  76  8:47  Drone x2  
  81  8:50  Overlord x3  
  81  9:03  Zergling x2  
  81  9:06  Baneling x2  
  81  9:07  Grooved Spines  
  78  9:21  Hydralisk x2  
  78  9:22  Hydralisk x10  
  94  9:32  Baneling x2  
  94  9:43  Hydralisk x3  
  94  9:44  Hydralisk x3  
  106  9:56  Overlord x4  
  106  9:58  Spore Crawler  
  77  10:24  Zergling x10  
  77  10:25  Zergling x16  
  71  10:33  Drone  
  71  10:34  Drone x3  
  74  10:44  Baneling x3  
  74  10:45  Baneling x3  
  74  10:46  Zergling x2, Baneling x2  
  74  10:47  Hydralisk x6  
  70  11:06  Hydralisk  
  70  11:07  Hydralisk x9  
  76  11:26  Hydralisk  
  76  11:27  Hydralisk x6  
  76  11:28  Hydralisk  
  76  11:32  Drone x2  
  66  11:50  Hydralisk  
  44  12:16  Hydralisk x10  
  64  12:27  Drone x2  
  64  12:28  Drone  
  58  13:02  Hatchery  
  57  13:09  Drone  
  57  13:10  Drone x5  
  45  13:46  Drone x3  
  45  13:47  Drone x3  
  51  14:03  Spawning Pool  
  51  14:08  Drone x2  
  52  14:20  Drone x4  
  52  14:22  Hatchery  
  55  14:27  Drone x2  
  57  14:32  Drone x2  
  57  14:36  Drone  
  56  15:02  Roach Warren  
  56  15:03  Lair  
  56  15:07  Extractor, Drone x3  
  56  15:08  Zergling x2  
  56  15:09  Zergling x10  
  59  15:44  Zergling x2  
  59  15:45  Zergling x18  
  67  15:50  Queen  
  67  15:51  Queen  
  67  15:54  Drone  
  74  16:02  Roach  
  74  16:03  Roach x3  
Show
View Real Time Build Order
Export as new Build Order

maiya Zerg - Winner!

Build Orders: Pool First 

Get SALT Encoding   

  12  0:01  Drone  
  13  0:12  Overlord  
  13  0:18  Drone  
  14  0:31  Drone x2  
  14  0:35  Drone  
  17  0:40  Extractor  
  16  0:49  Drone  
  17  0:56  Spawning Pool  
  16  0:57  Drone  
  17  1:07  Drone  
  18  1:18  Drone  
  19  1:33  Hatchery  
  19  1:36  Drone  
  19  1:44  Metabolic Boost  
  19  1:45  Zergling x2  
  20  1:53  Overlord  
  20  2:04  Zergling x2  
  21  2:11  Queen  
  21  2:13  Zergling x2  
  24  2:22  Zergling x2  
  25  2:33  Zergling x2  
  25  2:36  Baneling Nest  
  25  2:51  Zergling x4  
  27  3:00  Zergling x2  
  27  3:01  Zergling x2  
  28  3:07  Zergling x4  
  29  3:19  Drone x2  
  31  3:36  Baneling  
  31  3:38  Zergling x6  
  34  3:41  Drone  
  34  3:45  Lair  
  35  3:50  Drone  
  35  3:58  Baneling  
  35  3:59  Zergling x2, Hatchery  
  35  4:00  Overlord  
  35  4:15  Overlord x3  
  32  4:34  Zergling x4  
  32  4:35  Zergling x2, Overlord  
  34  4:42  Baneling  
  34  4:44  Baneling  
  31  5:09  Drone  
  31  5:10  Drone x6  
  33  5:24  Drone x2  
  33  5:25  Drone  
  33  5:26  Baneling x3  
  33  5:28  Drone x2  
  38  5:32  Queen  
  38  5:35  Queen  
  42  5:36  Drone x2  
  42  5:41  Extractor  
  40  6:04  Zergling x2  
  40  6:05  Zergling x16  
  49  6:14  Hydralisk Den  
  49  6:16  Roach Warren  
  47  6:22  Drone x3  
  50  6:36  Drone  
  50  6:37  Drone x2  
  53  6:44  Hydralisk x2  
  53  6:45  Hydralisk  
  59  6:56  Baneling x2  
  55  7:10  Zergling x8  
  55  7:11  Zergling x10  
  58  7:22  Baneling x3  
  57  7:23  Drone x5  
  57  7:24  Drone  
  63  7:33  Overlord x2  
  63  7:37  Overlord  
  63  7:45  Overlord x4  
  63  7:50  Queen  
  65  7:52  Hydralisk x2  
  65  7:53  Hydralisk  
  71  8:16  Spore Crawler  
  71  8:19  Overseer  
  70  8:26  Queen  
  72  8:29  Hydralisk x6  
  72  8:30  Hydralisk x2  
  72  8:33  Drone  
  89  8:44  Overseer  
  88  8:59  Zergling x4  
  88  9:00  Zergling x8  
  85  9:09  Zergling x6  
  84  9:15  Zergling x8  
  86  9:18  Zergling x2  
  86  9:19  Zergling x10  
  92  9:24  Zergling x2  
  93  9:32  Hydralisk x2  
  96  9:49  Roach x4  
  96  9:50  Roach x2  
  105  10:11  Zergling x8  
  105  10:12  Zergling x2  
  98  10:15  Zergling x6  
  92  10:30  Zergling x8  
  93  10:38  Zergling x4  
  91  10:48  Roach x3  
  95  10:55  Zergling x2  
  95  10:56  Zergling x2  
  96  10:58  Overseer x3  
  96  11:04  Muscular Augments  
  87  11:15  Zergling x2  
  87  11:16  Zergling x8  
  87  11:24  Zergling x2  
  87  11:25  Zergling x4  
  76  11:31  Zergling x2  
  76  11:32  Zergling x6  
  80  11:33  Hydralisk  
  78  11:41  Zergling x2  
  78  11:47  Hydralisk x2  
  78  11:50  Zergling x2  
  70  12:06  Zergling x8  
  71  12:10  Zergling x8  
  71  12:15  Grooved Spines  
  71  12:19  Zergling x4  
  69  12:31  Zergling x6  
  69  12:32  Zergling x6, Hydralisk  
  71  12:51  Overseer x2  
  71  12:52  Zergling x6  
  66  13:18  Zergling x4  
  66  13:19  Zergling x14  
  74  13:24  Zergling x2  
  64  13:32  Zergling x4  
  64  13:33  Zergling x6, Spire  
  66  13:42  Overlord x3  
  66  13:48  Overlord  
  66  13:54  Overlord x4  
  66  13:55  Overlord  
  66  14:05  Extractor  
  66  14:07  Extractor  
  64  14:15  Evolution Chamber  
  63  14:22  Drone x4  
  67  14:24  Drone x3  
  67  14:25  Drone x5  
  75  14:35  Zergling x8  
  80  14:38  Zergling x2, Hatchery  
  74  14:48  Hatchery  
  74  14:51  Zergling x2  
  74  14:52  Zergling x10  
  66  15:00  Zergling x6  
  67  15:12  Zergling x6  
  70  15:23  Zergling x4  
  70  15:24  Zergling x2, Corruptor x3  
  74  15:38  Zergling x4  
  74  15:39  Zergling x6  
  71  15:58  Zergling x4, Corruptor x4  
  85  16:07  Zergling x2  
Show
View Real Time Build Order
Export as new Build Order

Zhixian Protoss - Winner!

Build Orders: 1 Gate Expand, Oracle Opening 

Get SALT Encoding   

  12  0:01  Probe  
  13  0:13  Probe  
  14  0:18  Pylon  
  14  0:25  Probe  
  15  0:37  Probe  
  15  0:41  Gateway  
  16  0:49  Probe  
  17  0:52  Assimilator  
  17  1:01  Probe  
  18  1:13  Probe  
  19  1:35  Nexus  
  19  1:42  Probe  
  20  1:47  Cybernetics Core  
  20  1:51  Assimilator  
  20  1:54  Probe  
  21  2:06  Probe  
  21  2:08  Pylon  
  22  2:19  Probe  
  23  2:24  Adept  
  23  2:31  Probe  
  23  2:33  Stargate  
  26  2:43  Probe  
  27  2:51  Adept  
  27  2:54  Gateway  
  29  3:01  Gateway  
  29  3:03  Pylon  
  29  3:08  Oracle  
  29  3:10  Probe  
  29  3:11  Probe  
  34  3:21  Adept  
  36  3:35  Probe  
  36  3:38  Pylon  
  37  3:46  Oracle  
  40  3:53  Pylon, Stalker  
  42  4:08  Adept x2  
  42  5:04  Probe  
  42  5:05  Probe  
  44  5:08  Stalker x3  
  44  5:10  Warp Gate  
  50  5:20  Probe x2  
  52  5:23  Gateway  
  52  5:26  Twilight Council  
  52  5:27  Gateway  
  55  5:28  Oracle  
  50  6:14  Probe x2  
  50  6:15  Pylon  
  49  6:25  Probe  
  45  6:26  Assimilator  
  45  6:27  Assimilator, Probe  
  47  6:33  Probe  
  47  6:39  Probe  
  49  6:41  Probe  
  50  7:09  Resonating Glaives  
  50  7:11  Oracle  
  53  7:26  Adept x5  
  63  7:32  Pylon x2  
  63  7:33  Probe x2  
  63  7:34  Pylon  
  65  7:45  Probe x2  
  65  7:48  Oracle  
  70  7:57  Probe x2  
  72  8:04  Stalker x5  
  82  8:09  Probe x2  
  82  8:11  Pylon  
  84  8:21  Probe  
  85  8:33  Adept  
  85  8:34  Adept x4  
  92  9:08  Adept x5  
  95  9:20  Gateway  
  95  9:22  Gateway  
  91  9:25  Gateway  
  89  9:35  Robotics Facility  
  87  9:45  Nexus  
  87  9:49  Probe  
  87  9:50  Probe  
  87  9:52  Protoss Air Weapons Level 1  
  89  10:01  Probe  
  89  10:02  Probe  
  78  10:31  Oracle  
  72  10:43  Adept x6  
  72  10:44  Adept x2  
  86  10:58  Observer, Probe x2  
  86  10:59  Probe  
  86  11:02  Assimilator  
  89  11:04  Assimilator  
  89  11:06  Adept  
  89  11:07  Adept x7  
  89  11:08  Oracle  
  89  11:10  Probe  
  108  11:16  Observer  
  103  11:35  Adept x8  
  103  11:37  Pylon  
  103  11:38  Pylon  
  117  11:41  Pylon  
  117  11:43  Pylon  
  86  12:13  Zealot  
  86  12:15  Stalker x7  
  88  12:17  Void Ray  
  88  12:19  Immortal  
  90  12:23  Probe x3  
  97  12:35  Probe  
  98  12:43  Probe x2  
  100  12:47  Probe  
  100  12:48  Stalker x8  
  117  12:58  Immortal  
  117  13:00  Void Ray  
  118  13:20  Adept  
  118  13:21  Adept x7  
  122  13:44  Immortal  
  122  13:48  Stalker x7  
  124  13:49  Stalker  
  124  13:54  Charge  
  138  14:13  Immortal  
  138  14:14  Nexus  
  138  14:21  Void Ray  
  134  15:02  Stalker x8  
  134  15:03  Void Ray  
  112  15:23  Immortal  
  98  15:31  Stalker x6  
  98  15:32  Stalker x2  
Tags
 
Add a new tag
Caveats
  • Supply blocks, unpowered buildings, or Contaminate may cause inaccurate times.
  • Supply counts are checked every 10 seconds.